Map: Orbital Shipyard

Players

Atra

  • Race: Terran Terran
  • League: Silver

LeFu - Winner!

  • Race: Terran Terran
  • League: Grandmaster

VOD

Have the link to the VOD?

Description

Time

  • Played on: Nov. 2, 2015, 10:05 a.m.
  • Length: 13:38
Show
View Real Time Build Order
Export as new Build Order

Atra Terran 

Build Orders: 1/1/1 

Get SALT Encoding   

  12  0:01  SCV  
  13  0:13  SCV  
  14  0:19  Supply Depot  
  14  0:25  SCV  
  15  0:29  Refinery  
  15  0:41  Barracks  
  15  0:45  SCV  
  16  0:57  SCV  
  17  1:06  Refinery  
  17  1:13  SCV  
  18  1:25  SCV  
  19  1:33  Marine  
  19  1:37  Supply Depot  
  19  1:39  Orbital Command  
  20  1:44  Factory  
  20  1:51  Marine  
  21  2:06  SCV  
  22  2:11  Marine  
  23  2:18  SCV  
  24  2:26  Supply Depot  
  24  2:28  Starport, Marine  
  24  2:29  Widow Mine  
  27  2:46  Marine  
  27  2:49  SCV  
  29  2:58  Widow Mine  
  29  3:01  SCV  
  29  3:04  Marine  
  33  3:10  Medivac  
  33  3:22  Marine  
  34  3:30  Command Center  
  34  3:40  Medivac  
  32  4:11  Widow Mine, Marine  
  35  4:35  Barracks  
  35  4:39  Factory  
  35  4:43  SCV  
  35  4:44  Starport Reactor  
  38  4:47  Factory Reactor  
  38  4:48  Barracks Tech Lab  
  28  4:55  SCV  
  29  5:07  SCV  
  29  5:09  Barracks  
  29  5:10  Barracks  
  29  5:11  Barracks  
  29  5:12  Supply Depot, SCV  
  31  5:15  Supply Depot x2  
  31  5:17  Engineering Bay  
  31  5:19  SCV  
  31  5:22  Marine  
  31  5:24  Factory Tech Lab, SCV  
  31  5:25  Barracks Reactor  
  33  5:31  SCV  
  33  5:38  Widow Mine  
  33  5:40  Marine  
  37  5:57  SCV  
  37  5:58  Marine  
  37  6:01  Barracks Tech Lab  
  37  6:02  Barracks Reactor x2  
  38  6:06  SCV  
  38  6:09  SCV  
  40  6:19  Orbital Command  
  40  6:21  SCV  
  41  6:28  Siege Tank  
  41  6:31  Widow Mine  
  46  6:34  SCV  
  46  6:38  Refinery  
  46  6:39  Refinery  
  47  6:41  Missile Turret  
  47  6:42  Missile Turret  
  36  7:11  Marine x2  
  36  7:12  Marauder, Marine  
  36  7:13  Marine  
  36  7:14  Medivac  
  40  7:33  Marauder  
  28  7:52  Marine x4  
  28  7:55  Hellion, Marauder  
  36  8:03  Stimpack  
  36  8:09  Marine x2  
  36  8:11  Marine x2  
  40  8:16  Marauder  
  40  8:17  Factory Tech Lab  
  42  8:27  Marine  
  42  8:29  Marine x2  
  42  8:33  SCV  
  46  8:45  SCV  
  46  8:46  Command Center, Marauder  
  47  8:54  Supply Depot  
  47  9:16  SCV, Marauder, Marine x4  
  54  9:19  Terran Infantry Weapons Level 1  
  54  9:22  Engineering Bay  
  54  9:34  Marine  
  33  9:56  SCV  
  33  9:59  Siege Tank  
  35  10:01  Orbital Command  
  35  10:08  SCV  
  35  10:09  Terran Infantry Armor Level 1  
  35  10:12  Marine x2  
  38  10:14  Marine  
  38  10:20  SCV  
  40  10:21  Combat Shields  
  40  10:31  Siege Tank  
  40  10:33  SCV, Marine  
  45  10:40  Marine x2  
  45  10:41  Marine  
  48  10:44  Medivac  
  48  10:45  SCV  
  51  11:01  Marine  
  51  11:02  Marine x3  
  51  11:03  Marauder  
  57  11:14  Medivac  
  59  11:19  Marine x2  
  59  11:24  Marauder  
  63  11:27  Marine x2  
  63  11:31  Widow Mine  
  67  11:37  Marine x2  
  69  11:40  SCV  
  69  11:42  Armory  
  69  11:46  Supply Depot  
  70  11:54  Starport Reactor  
  70  11:58  Refinery  
  70  12:05  Supply Depot  
  70  12:07  Marine x3  
  70  12:08  SCV, Marauder  
  76  12:18  Marine  
  77  12:25  Marine  
Show
View Real Time Build Order
Export as new Build Order

LeFu Terran - Winner!

Build Orders: Reaper Expand, MMM Bio 

Get SALT Encoding   

  12  0:04  SCV  
  13  0:16  SCV  
  13  0:20  Supply Depot  
  14  0:28  SCV  
  15  0:34  Refinery  
  15  0:42  SCV  
  16  0:45  Barracks  
  16  0:55  SCV  
  17  1:12  Barracks  
  17  1:32  Orbital Command  
  17  1:34  Reaper  
  17  1:58  Command Center  
  17  2:02  Reaper  
  17  2:06  Reaper  
  19  2:15  Supply Depot  
  19  2:29  SCV  
  21  2:45  SCV, Barracks Tech Lab  
  21  2:47  Barracks Reactor  
  21  2:48  Supply Depot  
  21  2:53  Engineering Bay  
  21  2:58  SCV  
  22  3:12  SCV, Marine  
  24  3:20  Orbital Command  
  24  3:22  Combat Shields  
  24  3:26  Marine x2  
  26  3:27  SCV  
  26  3:29  Marine  
  28  3:39  SCV  
  29  3:45  SCV, Marine x2  
  32  3:54  SCV  
  33  4:00  Marine  
  33  4:01  SCV  
  35  4:02  Marine  
  35  4:08  Marine  
  35  4:09  SCV  
  36  4:18  Marine  
  36  4:20  Marine  
  36  4:21  SCV  
  39  4:24  SCV  
  39  4:26  Marine  
  39  4:29  Barracks  
  41  4:34  Terran Infantry Weapons Level 1  
  41  4:35  Barracks  
  41  4:36  Marine  
  42  4:38  Marine  
  42  4:39  Barracks  
  42  4:41  Stimpack, Refinery  
  42  4:42  SCV  
  42  4:44  SCV, Marine  
  46  4:50  Supply Depot  
  46  4:54  Marine  
  46  4:56  Marine  
  48  5:01  SCV  
  48  5:02  SCV, Marine  
  51  5:13  SCV, Marine  
  51  5:14  SCV, Supply Depot, Marine  
  55  5:31  Marine x5  
  55  5:32  Marine  
  55  5:33  SCV  
  62  5:37  SCV  
  63  5:48  Marine  
  63  5:49  Marine x5  
  68  6:00  SCV  
  68  6:04  SCV, Factory  
  70  6:12  Supply Depot  
  70  6:13  Supply Depot  
  70  6:14  Command Center  
  70  6:16  Supply Depot  
  70  6:20  SCV x2, Marine x6  
  78  6:26  Refinery  
  78  6:28  Terran Infantry Armor Level 1, Refinery  
  78  6:38  SCV, Marine x2  
  80  6:57  Marine x6  
  85  7:15  Marine x6  
  91  7:32  Marine  
  91  7:33  Marine x5  
  89  7:50  Marine  
  89  7:51  SCV, Factory Reactor, Marine x5  
  91  7:52  SCV  
  91  7:57  Starport  
  97  8:02  Armory, Orbital Command  
  97  8:08  Marine  
  97  8:09  Marine x3  
  97  8:10  SCV  
  102  8:16  SCV  
  102  8:17  Barracks  
  102  8:18  Barracks  
  103  8:20  Barracks  
  103  8:23  Barracks  
  103  8:29  Missile Turret  
  103  8:39  Starport Reactor  
  103  8:40  SCV x2  
  103  8:41  SCV  
  106  8:42  Starport  
  106  8:49  Marine x6  
  106  8:52  SCV  
  113  9:02  SCV, Refinery, Missile Turret  
  114  9:06  Marine  
  114  9:07  Marine x2  
  114  9:09  Terran Infantry Weapons Level 2  
  117  9:16  Supply Depot  
  117  9:22  Supply Depot  
  117  9:25  Supply Depot  
  117  9:38  Medivac x2, Marine x4  
  125  9:42  Marine  
  125  9:43  SCV x2, Medivac, Marine x5  
  125  9:44  Medivac  
  125  9:45  Command Center  
  124  9:56  Marine x4  
  124  9:59  Marine  
  128  10:01  Marine x2  
  131  10:08  Medivac x2  
  131  10:10  Engineering Bay  
  131  10:13  Medivac  
  137  10:14  Medivac  
  137  10:19  Barracks Reactor x2  
  137  10:20  Barracks Reactor x4  
  139  10:29  Barracks Reactor  
  139  10:30  SCV  
  139  10:31  Concussive Shells  
  139  10:32  Barracks Reactor  
  140  10:47  Medivac x4  
  140  10:48  Supply Depot, SCV  
  149  10:51  Terran Infantry Armor Level 2  
  149  10:56  Marine x4  
  153  10:58  Missile Turret  
  153  11:01  Marine  
  153  11:02  Marine x3  
  157  11:06  Planetary Fortress  
  157  11:10  Supply Depot  
  157  11:16  SCV  
  157  11:17  Medivac x2  
  162  11:20  Refinery  
  162  11:25  Missile Turret  
  161  11:34  Supply Depot  
  161  11:37  Marine x9  
  170  11:49  Medivac  
  170  11:50  Medivac x3  
  178  11:57  Supply Depot  
  178  12:03  SCV  
  178  12:06  Marine  
  178  12:07  Marine x7  
  187  12:20  Supply Depot  
Tags
 
Add a new tag
Caveats
  • Supply blocks, unpowered buildings, or Contaminate may cause inaccurate times.
  • Supply counts are checked every 10 seconds.